 Dungeon Crawl Stone Soup version 0.31-a0-702-gf82c85558f (webtiles) character file.

Game seed: 14844616444617671161

59 qw the Shooter (level 4, 0/28 HPs)
             Began as a Gargoyle Hunter on Sept 8, 2023.
             Slain by a gnoll
             ... wielding a +0 spear
              (1 damage)
             ... on level 2 of the Dungeon.
             The game lasted 00:00:27 (1118 turns).

qw the Shooter (Gargoyle Hunter)                    Turns: 1118, Time: 00:00:27

Health: 0/28       AC:  6    Str: 15    XL:     4   Next: 3%
Magic:  4/4        EV: 11    Int:  9    God:
Gold:   63         SH:  0    Dex: 15    Spells: 3/3 levels left

rFire   . . .        Y - +0 shortbow
rCold   . . .        (shield currently unavailable)
rNeg    + . .        c - +0 leather armour
rPois   inf          (no helmet)
rElec   +            (no cloak)
rCorr   .            (no gloves)
SInv    .            (no boots)
Will    .....        (no amulet)
Stlth   ++           (no ring)
HPRegen 0.24/turn    (no ring)
MPRegen 0.09/turn

%: no passive effects
@: no status effects
A: sickness immunity, AC +3, negative energy resistance 1, electricity
resistance, torment resistance 1, petrification resistance
a: no special abilities


You were on level 2 of the Dungeon.
You visited 1 branch of the dungeon, and saw 2 of its levels.

You collected 63 gold pieces.


Innate Abilities, Weirdness & Mutations

You are immune to sickness and miasma.
Your stone body is resilient. (AC +3)
You are immune to poison.
You resist negative energy. (rN+)
You are resistant to electric shocks. (rElec)
You are resistant to unholy torment.
You are immune to petrification.


   Skills:
 - Level 3.0 Fighting
 + Level 5.1 Ranged Weapons
 - Level 1.5 Dodging
 - Level 1.1 Stealth


You had 3 spell levels left.
You didn't know any spells.
Your spell library was empty.

Inventory:

Hand Weapons
 Y - a +0 shortbow (weapon)
Armour
 b - a +0 ring mail
 c - a +0 leather armour (worn)
Scrolls
 a - a scroll of identify
 d - a scroll of fog {unknown}
Potions
 e - a potion of curing {unknown}

Dungeon Overview and Level Annotations

Branches:
Dungeon (2/15)

Altars:

Shops:
D:2 *


Message History

Enter note:
1107 |||
Found retreat position at 0,-1 (floor) with 0 blocking monsters and 1 monsters attacking at destination at distance 1
1107 ||| Stepping ~*~*~tactically~*~*~ (retreating).
You shoot an arrow. The arrow completely misses the gnoll.
The gnoll hits you with a +0 whip.
You shoot an arrow.
The arrow hits the gnoll but does no damage.
The gnoll is almost dead.
The gnoll closely misses you. The gnoll misses you.
You shoot an arrow. The arrow closely misses the gnoll.
The arrow hits the gnoll but does no damage.
The gnoll closely misses you.
You shoot an arrow. The arrow hits the gnoll.
You kill the gnoll!
Your Fighting skill increases to level 3!
You shoot an arrow. The arrow closely misses the gnoll.
The arrow hits the gnoll.
The gnoll is lightly wounded.
The gnoll hits you with a +0 flail.
You shoot an arrow. The arrow hits the gnoll.
The gnoll is moderately wounded.
The gnoll hits you with a +0 flail. The gnoll hits you but does no damage.
You shoot an arrow. The arrow hits the gnoll!
The gnoll is almost dead.
The gnoll barely misses you. The gnoll closely misses you.
You shoot an arrow. The arrow hits the gnoll.
You kill the gnoll!
The gnoll hits you from afar with a +0 spear.
You have reached level 4!
You feel stronger.
You shoot an arrow. The arrow hits the gnoll.
The gnoll is heavily wounded.
The gnoll barely misses you. The gnoll hits you but does no damage.
The gnoll closely misses you.
You shoot an arrow. The arrow hits the gnoll.
The gnoll is heavily wounded.
The gnoll barely misses you. The gnoll closely misses you.
The gnoll hits you with a +0 club.
You shoot an arrow. The arrow closely misses the gnoll.
The gnoll hits you from afar with a +0 spear.
You die...

#.#############
..............#
#######.#####@#
...g......###g###
.####.....#.g...#
..........g.....#########
#.###.)...#.............#
#...................#
###.........######..#
#.######### #..# #.. #..#


You could see 2 gnolls.

Vanquished Creatures
  2 gnolls (D:2)
  A worm (D:2)
  A dart slug (D:1)
  5 endoplasms
  A giant cockroach (D:1)
  3 hobgoblins (D:1)
  6 jackals (D:1)
  2 ball pythons (D:1)
  A bat (D:1)
  5 goblins
  A kobold (D:1)
  3 rats
31 creatures vanquished.

Notes
Turn   | Place    | Note
-------+----------+-------------------------------------------
     0 | D:1      | qw the Gargoyle Hunter began the quest for the Orb.
     0 | D:1      | Reached XP level 1. HP: 12/12 MP: 1/1
     0 | D:1      | 0 ||| qw: Version: 0.3-a-76-g4403597
     0 | D:1      | 0 ||| qw: Game counter: 934
     0 | D:1      | 0 ||| qw: Melee chars always use a shield: true
     0 | D:1      | 0 ||| qw: God list: Okawaru
     0 | D:1      | 0 ||| qw: Allow faded altars: false
     0 | D:1      | 0 ||| qw: Do Orc after clearing Dungeon:15 true
     0 | D:1      | 0 ||| qw: Do second Lair branch before Depths: true
     0 | D:1      | 0 ||| qw: Lair rune preference: random
     0 | D:1      | 0 ||| qw: Goals: Normal
     0 | D:1      | 0 ||| PLANNING D:1-11
    44 | D:1      | HP: 3/12 [jackal (2)]
    46 | D:1      | HP: 1/12 [jackal (2)]
    55 | D:1      | Reached XP level 2. HP: 4/17 MP: 2/2
    57 | D:1      | HP: 4/17 [jackal (1)]
   399 | D:1      | Reached XP level 3. HP: 19/21 MP: 3/3
   432 | D:1      | Reached skill level 5 in Ranged Weapons
   783 | D:1      | 783 ||| READING 2 scrolls labelled OCZUDGH ZATH.
   784 | D:1      | 784 ||| DROPPING scroll of butterflies.
   869 | D:2      | Found Heharer's General Store.
  1095 | D:2      | 1095 ||| FLEEEEING.
  1096 | D:2      | 1096 ||| FLEEEEING.
  1097 | D:2      | 1097 ||| FLEEEEING.
  1100 | D:2      | 1100 ||| Stepping ~*~*~tactically~*~*~ (retreating).
  1105 | D:2      | 1105 ||| Stepping ~*~*~tactically~*~*~ (retreating).
  1106 | D:2      | 1106 ||| Stepping ~*~*~tactically~*~*~ (retreating).
  1107 | D:2      | 1107 ||| Stepping ~*~*~tactically~*~*~ (retreating).
  1112 | D:2      | Reached skill level 3 in Fighting
  1113 | D:2      | HP: 3/23 [gnoll/+0 flail (3)]
  1116 | D:2      | Reached XP level 4. HP: 3/28 MP: 4/4
  1117 | D:2      | HP: 1/28 [gnoll/+0 club (3)]
  1118 | D:2      | Slain by a gnoll

Levels and vault maps discovered:
D:1:      ncdulo_wetmaze, layout_loops_ring, nicolae_kite_square_tiling_tiny,
          grunt_decor_mini_mirrors
D:2:      layout_loops_ring, serial_shops, nicolae_shop_waterfront,
          kennysheep_generic_room_9

Skill      XL: |  1  2  3 |
---------------+----------+-----
Ranged Weapons | 5 |  5.1
Fighting       | 3 |  3.0
Dodging        | |  1.5
Stealth        | |  1.1

Action                     |  1- 3 |  4- 6 || total
---------------------------+-------+-------++-------
   Fire: Shortbow          |   129 |     3 ||   132
    Use: Scroll            |     1 |       ||     1
 Armour: Leather armour    |    58 |     3 ||    61
  Dodge: Dodged            |    69 |     4 ||    73

Table legend:
 A = Non-vault XP
 B = Vault XP
 C = Vault XP percentage of total XP
 D = Non-vault monster count
 E = Vault monster count
 F = Vault count percentage of total count
                 A         B        C        D         E       F
            +---------+---------+-------+---------+---------+-------
      Total |      84 |       1 |   1.2 |      30 |       1 |   3.2
            +---------+---------+-------+---------+---------+-------
        D:1 |      42 |       0 |   0.0 |      23 |       0 |   0.0
        D:2 |      42 |       1 |   2.3 |       7 |       1 |  12.5
            +---------+---------+-------+---------+---------+-------
